 Dungeon Crawl Stone Soup version 0.29.1-15-g9cfb28693d (webtiles) character file.

Game seed: 1429407155974275452

42 Chudface the Caller (level 3, 0/14 HPs)
             Began as a Felid Summoner on Apr 27, 2023.
             Slain by a gnoll
             ... wielding a +0 spear
              (4 damage)
             ... on level 2 of the Dungeon.
             The game lasted 00:05:00 (857 turns).

Chudface the Caller (Felid Summoner)                 Turns: 857, Time: 00:05:00

Health: 0/14       AC:  1    Str:  4    XL:     3   Next: 35%
Magic:  1/8        EV: 17    Int: 18    God:
Gold:   94         SH:  0    Dex: 16    Spells: 1/7 levels left
                                        Lives:  0   Deaths: 0

rFire   . . .      SeeInvis +   (weapon unavailable)
rCold   . . .      Faith    .   (shield unavailable)
rNeg    . . .      Spirit   .   (body armour unavailable)
rPois   .          Reflect  .   (helmet unavailable)
rElec   .          Harm     .   (cloak unavailable)
rCorr   .          Rampage  .   (gloves unavailable)
Will    .....                   (boots unavailable)
Stlth   ++........              (no amulet)
HPRegen 0.04/turn               (no ring)
MPRegen 0.11/turn               (no ring)

@: quick
A: very small, claws 1, fangs 3, see invisible, speed 1, shaggy fur 1, stealthy
paws, no weapons or thrown items, no armour, multi-lived
a: no special abilities


You were on level 2 of the Dungeon.
You visited 1 branch of the dungeon, and saw 2 of its levels.

You collected 94 gold pieces.

Inventory:

Scrolls
 b - a scroll of immolation {unknown}
 d - a scroll of identify {unknown}
Potions
 a - a potion of magic
 c - a potion of curing {unknown}
 e - 2 potions of attraction {unknown}


   Skills:
 - Level 2.6 Dodging
 - Level 2.6 Stealth
 + Level 2.9 Spellcasting
 + Level 4.6 Summonings


You had one spell level left.
You knew the following spells:

 Your Spells              Type           Power      Damage    Failure   Level
a - Summon Small Mammal   Summ           76%        N/A       2%          1
b - Call Imp              Summ           19%        N/A       3%          2
c - Call Canine Familiar  Summ           19%        N/A       8%          3

Your spell library contained the following spells:

 Spells                   Type           Power      Damage    Failure   Level
 Summon Guardian Golem    Hex/Summ       10%        N/A       19%         3
 Summon Lightning Spire   Summ/Air       10%        N/A       54%         4


Dungeon Overview and Level Annotations

Branches:
Dungeon (2/15)

Altars:

Annotations:
D:1 exclusion: downstairs


Innate Abilities, Weirdness & Mutations

You have sharp claws.
You have razor-sharp teeth.
You have supernaturally acute eyesight. (SInv)
You cover ground quickly. (Speed+)
You are covered in fur. (AC +1)
Your paws help you pounce on unaware monsters.
You are incapable of wielding weapons or throwing items.
You cannot wear armour.
You gain extra lives every three experience levels.


Message History

You don't have enough magic to cast this spell.
The gnoll hits your white imp with a +0 spear.
Your white imp dies!
Your white imp disappears in a puff of smoke!
The gnoll hits your quokka with a +2 halberd of flaming.
The gnoll burns your quokka.
Your quokka dies!
Your quokka's corpse disappears in a puff of smoke!
Casting: Call Imp (safe; 3% risk of failure)
Confirm with . or Enter, or press ? or * to list all spells.
What are your orders? t - Meow!
Orders for allies: a - Attack new target. r - Retreat! s - Stop attacking. g - Guard the area. f - Follow me.
Anything else - Cancel.
Gang up on whom?
Press: ? - help, Dir - move target, f - gnoll
Aim: a gnoll, wielding a +2 halberd of flaming (almost dead, ally target) Attack!
Your hound bites the gnoll.
The gnoll dies!
Your hound barely misses the gnoll.
Your hound barely misses the gnoll. x2
What are your orders? t - Meow!
Orders for allies: a - Attack new target. r - Retreat! s - Stop attacking. g - Guard the area. f - Follow me.
Anything else - Cancel.
Gang up on whom?
Press: ? - help, Dir - move target, f - gnoll
Aim: a gnoll, wielding a +0 spear (ally target) Attack!
Your hound bites the gnoll but does no damage.
Your hound bites the gnoll.
The gnoll hits you with a +0 spear!
Ouch! That really hurt!
* * * LOW HITPOINT WARNING * * *
Your hound bites the gnoll.
The gnoll hits you from afar with a +0 spear.
You die...

.... ....
...###..#
.....gg# ...§§##
### ####..).§#..
#.# #........>.#
#.##.#
##.#..#.####
##....####h#..#
.......@.g.)..#
##.##..###.##...#
.###.##..###.#
.#.#
.......<.....#
.#.#
####.###.###.# ##
# # #.....#
#.##### #.# ###


You could see a gnoll (ally target) and a friendly hound (summoned).

Vanquished Creatures
  3 bats (D:1)
  An endoplasm (D:1)
4 creatures vanquished.

Vanquished Creatures (collateral kills)
  2 gnolls (D:2)
  A dart slug (D:1)
  4 ball pythons
  2 endoplasms (D:1)
  A goblin (D:1)
  A hobgoblin (D:2)
  A quokka (D:1)
  A bat (D:1)
  2 kobolds (D:1)
  2 rats
17 creatures vanquished.

Grand Total: 21 creatures vanquished

Notes
Turn   | Place    | Note
-------+----------+-------------------------------------------
     0 | D:1      | Chudface the Felid Summoner began the quest for the Orb.
     0 | D:1      | Reached XP level 1. HP: 7/7 MP: 4/4
   419 | D:1      | Reached XP level 2. HP: 8/11 MP: 4/6
   422 | D:1      | Learned a level 2 spell: Call Imp
   841 | D:2      | Reached XP level 3. HP: 14/14 MP: 2/8
   845 | D:2      | Learned a level 3 spell: Call Canine Familiar
   857 | D:2      | Slain by a gnoll

Illustrated notes

Levels and vault maps discovered:
D:1:      minmay_arrival_nine_rooms, layout_rooms, dreamdust_wishing_well
D:2:      layout_basic, minmay_diced_spiral

Action                   || total
-------------------------++-------
Melee: Unarmed           ||    17
       Bite              ||     1
 Cast: Summon Small Mamm ||    25
       Call Imp          ||     9
       Call Canine Famil ||     1
Armor: Skin              ||     4
Dodge: Dodged            ||    42
